 Dungeon Crawl Stone Soup version 0.29.1-12-g30fa7ad0bf (webtiles) character file.

Game seed: 15452947198909401046

58 ChadusMaximus the Shield-Bearer (level 3, -3/33 HPs)
             Began as a Minotaur Fighter on Dec 16, 2022.
             Slain by a gnoll
             ... wielding a +0 halberd
              (8 damage)
             ... on level 2 of the Dungeon.
             The game lasted 00:01:15 (1270 turns).

ChadusMaximus the Shield-Bearer (Minotaur Fighter)  Turns: 1270, Time: 00:01:15

Health: -3/33      AC:  7    Str: 22    XL:     3   Next: 75%
Magic:  2/2        EV:  9    Int:  5    God:
Gold:   40         SH:  4    Dex:  9    Spells: 2/2 levels left

rFire   . . .      SeeInvis .   a - +0 war axe
rCold   . . .      Faith    .   c - +0 buckler
rNeg    . . .      Spirit   .   b - +0 scale mail
rPois   .          Reflect  .   (helmet restricted)
rElec   .          Harm     .   (no cloak)
rCorr   .          Rampage  .   (no gloves)
Will    .....                   (no boots)
Stlth   ..........              (no amulet)
HPRegen 0.11/turn               (no ring)
MPRegen 0.08/turn               (no ring)

@: no status effects
A: horns 2, retaliatory headbutt
a: no special abilities


You were on level 2 of the Dungeon.
You visited 1 branch of the dungeon, and saw 2 of its levels.

You collected 40 gold pieces.

Inventory:

Hand Weapons
 a - a +0 war axe (weapon)
Armour
 b - a +0 scale mail (worn)
 c - a +0 buckler (worn)
Scrolls
 g - a scroll of teleportation {unknown}
 h - 2 scrolls of identify {unknown}
 j - a scroll of enchant weapon {unknown}
Potions
 d - a potion of might
 e - 2 potions of curing {unknown}
 f - a potion of resistance {unknown}
 i - 2 potions of ambrosia {unknown}
 k - a potion of brilliance {unknown}


   Skills:
 + Level 4.2 Fighting
 + Level 3.2 Axes
 + Level 4.2 Armour
 + Level 4.2 Shields


You had 2 spell levels left.
You didn't know any spells.
Your spell library contained the following spells:

 Spells                   Type           Power      Damage    Failure   Level
 Scorch                   Fire           0%         2d5       95%         2
 Call Canine Familiar     Summ           0%         N/A       99%         3
 Portal Projectile        Hex/Tloc       0%         N/A       99%         3
 Flame Wave               Conj/Fire      0%         2d4       100%        4
 Leda's Liquefaction      Hex/Erth       0%         N/A       100%        4
 Summon Cactus Giant      Summ           0%         N/A       100%        6


Dungeon Overview and Level Annotations

Branches:
Dungeon (2/15)

Altars:


Innate Abilities, Weirdness & Mutations

You have a pair of horns on your head.
You reflexively headbutt those who attack you in melee.


Message History

You completely miss the rat. Your headbutt misses the rat.
The rat bites you but does no damage. x2
The gnoll hits you from afar with a +0 spear.
You barely miss the rat. You headbutt the rat.
The rat is heavily wounded.
The rat barely misses you. The gnoll completely misses you.
You barely miss the rat.
The rat is heavily wounded.
The rat bites you but does no damage. You block the gnoll's attack.
You slash the rat!
You kill the rat!
An adder comes into view.
The gnoll hits you from afar with a +0 spear. x2
The adder hisses angrily.
You block the gnoll's attack.
Things that are here:
a +0 flail; a rat corpse You slash the gnoll!
The gnoll is heavily wounded.
The gnoll hits you with a +0 spear.
You barely miss the gnoll.
The gnoll is heavily wounded.
The gnoll misses you.
You slash the gnoll!
You kill the gnoll!
You slash the worm! You headbutt the worm.
The worm is almost dead.
You hit the worm.
You kill the worm!
The adder bites you but does no damage.
The gnoll hits you from afar with a +0 halberd!
* * * LOW HITPOINT WARNING * * *
You miss the adder. Your headbutt misses the adder.
You block the adder's attack. The gnoll barely misses you.
The adder barely misses you. You furiously retaliate!
You headbutt the adder! You barely miss the adder.
Your headbutt misses the adder.
The adder is severely wounded.
The adder bites you but does no damage.
The gnoll hits you from afar with a +0 halberd!
You die...

#.#.# #.#.
>.#. #.. ...
#g# #.. ####S#
#.. ..##@# #.#
#.##.# #.#
#.##.# # #.#
#.##!# #.#.#
#.##.#
#.#.###.##.#
#..........#
#####.###.####
#.<...# #.#


You could see a gnoll and an adder.

Vanquished Creatures
  2 gnolls (D:2)
  An adder (D:2)
  A worm (D:2)
  3 bats (D:1)
  3 endoplasms (D:1)
  A goblin (D:1)
  3 hobgoblins (D:1)
  2 kobolds (D:1)
  6 ball pythons (D:1)
  3 frilled lizards (D:1)
  4 rats
29 creatures vanquished.

Notes
Turn   | Place    | Note
-------+----------+-------------------------------------------
     0 | D:1      | ChadusMaximus the Minotaur Fighter began the quest for the
                  | Orb.
     0 | D:1      | Reached XP level 1. HP: 19/19 MP: 0/0
   145 | D:1      | Reached XP level 2. HP: 21/27 MP: 1/1
  1258 | D:2      | Reached XP level 3. HP: 25/33 MP: 2/2
  1270 | D:2      | Slain by a gnoll

Illustrated notes

Levels and vault maps discovered:
D:1:      psy_arrival_radial02, layout_basic
D:2:      layout_loops_ring, hangedman_decor_slide_cut, st_stairs_2,
          small_statue_intersection

Skill      XL: |  1  2 |
---------------+-------+-----
Fighting       | 4 |  4.2
Shields        | 4 |  4.2
Armour         | 4 |  4.2
Axes           | 3 |  3.2

Action                   || total
-------------------------++-------
Melee: War axe           ||    67
       Headbutt          ||    12
Armor: Scale mail        ||    29
Dodge: Dodged            ||    35
Block: Buckler           ||    15
